 Dungeon Crawl Stone Soup version 0.28-a0-802-g09f76e8c00 (webtiles) character file.

Game seed: 9129842857111794925

5018 vurker the Zephyrmancer (level 10, 48/48 HPs)
             Began as a Felid Air Elementalist on Nov 6, 2021.
             Was a Follower of Vehumet.
             Quit the game on level 11 of the Dungeon.
             The game lasted 00:28:52 (23293 turns).

vurker the Zephyrmancer (Felid Air Elementalist)   Turns: 23293, Time: 00:28:53

Health: 48/48      AC:  2    Str:  4    XL:     10   Next: 30%
Magic:  25/25      EV: 17    Int: 20    God:    Vehumet [*.....]
Gold:   431        SH:  0    Dex: 17    Spells: 25/30 levels left
                                        Lives:  0   Deaths: 3

rFire   . . .      SeeInvis +   (weapon unavailable)
rCold   . . .      Faith    .   (shield unavailable)
rNeg    . . .      Spirit   .   (armour unavailable)
rPois   +          Reflect  .   (helmet unavailable)
rElec   .          Harm     .   (cloak unavailable)
rCorr   .          Rampage  .   (gloves unavailable)
Will    +....                   (boots unavailable)
Stlth   ++........              (no amulet)
HPRegen 0.16/turn               d - ring of poison resistance
MPRegen 0.19/turn               (no ring)

@: quick
A: very small, claws 1, fangs 3, see invisible, speed 1, shaggy fur 2, stealthy
paws, no weapons or thrown items, no armour, multi-lived
a: Renounce Religion


You were on level 11 of the Dungeon.
You worshipped Vehumet.
Vehumet was aware of your devotion.
You visited 3 branches of the dungeon, and saw 13 of its levels.
You also visited: Ossuary.

You collected 731 gold pieces.
You spent 300 gold pieces at shops.

Inventory:

Jewellery
 d - a ring of poison resistance (left paw)
   (You bought it in a shop on level 7 of the Dungeon)
Wands
 i - a wand of polymorph (14)
   (You found it on level 4 of the Dungeon)
 q - a wand of mindburst (21)
   (You found it on level 4 of the Dungeon)
 t - a wand of flame (49)
   (You found it on level 8 of the Dungeon)
 x - a wand of acid (7)
   (You found it on level 9 of the Dungeon)
Scrolls
 b - 2 scrolls of holy word
 h - 5 scrolls of teleportation
 k - a scroll of magic mapping
 m - 4 scrolls of blinking
 p - 2 scrolls of fear
Potions
 a - a potion of might {unknown}
 c - a potion of magic {unknown}
 e - 5 potions of lignification
 f - 2 potions of brilliance
 g - a potion of resistance {unknown}
 j - 2 potions of flight
 l - 2 potions of attraction {unknown}
 n - a potion of heal wounds {unknown}
 s - 4 potions of haste


   Skills:
 + Level 8.0 Fighting
 - Level 2.6 Dodging
 - Level 2.6 Stealth
 * Level 10.7 Spellcasting
 + Level 6.3 Conjurations
 * Level 10.8 Air Magic


You had 25 spell levels left.
You knew the following spells:

 Your Spells              Type           Power      Damage    Failure   Level
a - Shock                 Conj/Air       100%       1d9       1%          1
c - Airstrike             Air            26%        N/A       1%          4

Your spell library contained the following spells:

 Spells                   Type           Power      Damage    Failure   Level
 Magic Dart               Conj           100%       1d8       1%          1
 Foxfire                  Conj/Fire      92%        2x1d8     1%          1
 Static Discharge         Conj/Air       45%        N/A       1%          2
 Swiftness                Air            53%        N/A       1%          3
 Conjure Flame            Conj/Fire      23%        6-21      5%          3
 Dazzling Flash           Conj/Hex       46%        N/A       5%          3
 Animate Skeleton         Necr           20%        N/A       6%          1
 Freeze                   Ice            40%        1d6       6%          1
 Pain                     Necr           40%        1d6       6%          1
 Summon Small Mammal      Summ           40%        N/A       6%          1
 Iskenderun's Battlesphe  Conj           36%        2d9       13%         5
 Flame Wave               Conj/Fire      23%        3d6       17%         4
 Hailstorm                Conj/Ice       23%        3d7       17%         4
 Iskenderun's Mystic Bla  Conj/Tloc      23%        2d6       17%         4
 Call Canine Familiar     Summ           10%        N/A       19%         3
 Frozen Ramparts          Ice            20%        1d4       19%         3
 Inner Flame              Hex/Fire       10%        N/A       19%         3
 Summon Guardian Golem    Hex/Summ       10%        N/A       19%         3
 Vampiric Draining        Necr           10%        2d6       19%         3
 Conjure Ball Lightning   Conj/Air       22%        3x3d6     28%         6
 Fireball                 Conj/Fire      11%        3d7       43%         5
 Starburst                Conj/Fire      11%        6d5       95%         6
 Orb of Destruction       Conj           18%        9d8       99%         7


Dungeon Overview and Level Annotations

Branches:
Dungeon (11/15)            Temple (1/1) D:7            Lair (1/6) D:11
    Orc (0/2) D:10        Ossuary (visited)

Altars:
Ashenzari
Cheibriados
Dithmenos
Elyvilon
Fedhas
Gozag
Hepliaklqana
Kikubaaqudgha
Makhleb
Nemelex Xobeh
Okawaru
Qazlal
Ru
Sif Muna
Trog
Uskayaw
Vehumet
Wu Jian
Xom
Yredelemnul
Zin
The Shining One

Shops:
D:2 (==   D:7 =

Annotations:
D:3 3 runed translucent doors, Tribosh's ghost, amateur OpFi
D:6 2 runed translucent doors, Tribosh's ghost, novice TrMo
Lair:1 Grum


Innate Abilities, Weirdness & Mutations

You have sharp claws.
You have razor-sharp teeth.
You have supernaturally acute eyesight. (SInv)
You cover ground quickly. (Speed+)
You are covered in thick fur. (AC +2)
Your paws help you pounce on unaware monsters.
You are incapable of wielding weapons or throwing items.
You cannot wear armour.
You gain extra lives every three experience levels.


Message History

There is a staircase to the Lair here.
Aim: a blink frog (empty space bonus: 6/8)
The air twists around and strikes the blink frog!
The blink frog barely misses you.
The blink frog blinks!
The blink frog barely misses you.
Aim: a blink frog (heavily wounded, empty space bonus: 5/8)
The air twists around and strikes the blink frog!
The blink frog blinks!
The blink frog hits you!
Aim: a blink frog (almost dead, empty space bonus: 5/8)
The air twists around and strikes the blink frog!
You kill the blink frog!
Vehumet accepts your kill. The blink frog barely misses you.
Aim: a blink frog (empty space bonus: 7/8)
The air twists around and strikes the blink frog!
The blink frog hits you!
* * * LOW HITPOINT WARNING * * *
The blink frog misses you.
Aim: a blink frog (heavily wounded, 54% to hit)
The zap hits the blink frog!
The zap hits the blink frog.
The blink frog blinks!
Aim: a blink frog (severely wounded, 54% to hit)
The zap hits the blink frog.
Aim: a blink frog (severely wounded, 54% to hit)
The zap hits the blink frog!
You kill the blink frog!
Vehumet accepts your kill.
Done exploring.
Done exploring.
There is a staircase to the Lair, spattered with blood here.
You climb downwards.
Welcome back to the Lair of Beasts!
Level annotation: Grum The komodo dragon hisses angrily.
The wolf bites you. The black mamba bites you!
You are poisoned.
The black mamba poisons you!
The blink frog blinks!
The wolf bites you. The black mamba bites you! The wolf closely misses you.
There is a staircase back to the Dungeon, spattered with blood here.
You feel very sick. The black mamba closely misses you. The wolf misses you.
The black mamba completely misses you.
You climb upwards.
Welcome back to the Dungeon!
You feel very sick.
There is a staircase to the Lair, spattered with blood here.
You feel sick. The black mamba bites you!
* * * LOW HITPOINT WARNING * * *
The wolf bites you.
You die...
You are now level 10!
You rejoin the land of the living...

##.# #######.# #..# #########.#
###.## #...<...#.######## #...#
###.#####.#........# ...##
#...#####.#..#####.# ....##
#......##.#..#####.# .....#
#..)##........>.##.## ....##
#######..#####.....#...... ...##
#........@........#####.## #.##
#.#.#.#.#.######........# #.#
#.#.....#.# #.######## ..#
#.#.#.###.# #.# ### #.........#
##'## # ###.####### ##...## #
#.#### ##.....## # ## #.##.##
##.......## ##
.#########.#...####.........####.


There were no monsters in sight!

Vanquished Creatures
  Gastronok (D:10)
  2 two-headed ogres (D:9)
  3 death yaks
  A cyclops (D:11)
  A kobold demonologist (D:9)
  A cane toad (D:11)
  A komodo dragon (D:11)
  A troll (D:10)
  2 hornets (D:9)
  4 blink frogs
  A wraith (D:9)
  6 yaks
  A steam dragon (D:8)
  4 vampire mosquitoes (D:11)
  3 acid dragons
  A warg (D:10)
  2 water moccasins
  7 orc warriors
  4 black bears
  A sky beast (D:5)
  3 wolves (D:11)
  8 centaurs
  2 phantoms
  A kobold brigand (D:8)
  4 bullfrogs
  A scorpion (D:7)
  22 killer bees
  8 wights
  An electric eel (D:9)
  2 howler monkeys
  2 bullfrog zombies (D:6)
  A hound (D:4)
  6 orc priests
  3 jellies
  A centaur skeleton (D:5)
  Terence (D:3)
  4 iguanas
  12 orc wizards
  A scorpion zombie (D:5)
  2 hell rats (D:11)
  A hound skeleton (D:5)
  9 mummies
  A howler monkey zombie (D:9)
  6 adders
  A white imp (D:8)
  3 adder skeletons (D:4)
  3 worms
  A dart slug (D:2)
  31 orcs
  9 endoplasms
  4 giant cockroaches
  2 gnoll zombies (Ossuary)
  9 goblins
  8 hobgoblins
  4 jackals (D:1)
  9 kobolds
  3 quokkas
  A ball python (D:1)
  A bat (D:3)
  5 frilled lizards
  A hobgoblin zombie (Ossuary)
  6 kobold zombies
  3 orc zombies
  9 rats
262 creatures vanquished.

Vanquished Creatures (others)
  An orc (D:8)
  4 plants (D:6)
5 creatures vanquished.

Grand Total: 267 creatures vanquished

Notes
Turn   | Place    | Note
-------+----------+-------------------------------------------
     0 | D:1      | vurker the Felid Air Elementalist began the quest for the
                  | Orb.
     0 | D:1      | Reached XP level 1. HP: 7/7 MP: 4/4
   123 | D:1      | Reached skill level 1 in Conjurations
   386 | D:1      | Reached XP level 2. HP: 12/12 MP: 1/6
   759 | D:1      | Found a faded altar of an unknown god.
  1509 | D:2      | Reached XP level 3. HP: 15/15 MP: 4/7
  1586 | D:2      | Reached skill level 1 in Fighting
  1682 | D:2      | Found Munifoum's Jewellery Shoppe.
  1791 | D:2      | You fall into a shaft and drop 2 floors!
  1830 | D:4      | Noticed a black bear
  2087 | D:4      | Reached XP level 4. HP: 8/19 MP: 3/9
  2465 | D:3      | Learned a level 4 spell: Airstrike
  2668 | D:2      | Found Keb Uralew's Weapon Boutique.
  2946 | D:2      | Found an ancient bone altar of Kikubaaqudgha.
  3124 | D:2      | Found Sissa's Jewellery Shoppe.
  3674 | D:3      | Found a runed translucent gate.
  3674 | D:3      | Found a runed translucent gate.
  3674 | D:3      | Found a runed translucent gate.
  3972 | D:3      | Noticed Terence
  3985 | D:3      | Reached XP level 5. HP: 22/22 MP: 4/10
  4067 | D:3      | Killed Terence
  4413 | D:3      | Found a shimmering altar of Xom.
  4478 | D:3      | Noticed Tribosh's ghost (amateur OpFi)
  4898 | D:4      | Gained mutation: You are covered in thick fur. (AC +2)
                  | [Felid growth]
  4898 | D:4      | Reached XP level 6. HP: 20/27 MP: 4/12
  5535 | D:5      | Entered Level 5 of the Dungeon
  5919 | D:4      | Found an iron altar of Okawaru.
  6452 | D:5      | Reached XP level 7. HP: 30/30 MP: 9/14
  6906 | D:5      | Found a hide-covered altar of Uskayaw.
  6907 | D:5      | Found a sacrificial altar of Ru.
  6957 | D:5      | Reached skill level 5 in Air Magic
  7287 | D:5      | Reached skill level 5 in Spellcasting
  7663 | D:5      | Found a glowing silver altar of Zin.
  7931 | D:6      | Reached XP level 8. HP: 22/36 MP: 6/17
  8264 | D:6      | Found a runed translucent door.
  8265 | D:6      | Noticed Tribosh's ghost (novice TrMo)
  8540 | D:6      | Found a sand-covered staircase.
  8548 | Ossuary  | Entered an ossuary
  9154 | D:6      | Found a sparkling altar of Nemelex Xobeh.
  9527 | D:6      | Found a runed translucent door.
 10039 | D:7      | Found a burning altar of Makhleb.
 10039 | D:7      | Noticed a cacodemon
 10259 | D:7      | Found a staircase to the Ecumenical Temple.
 10277 | D:7      | Reached XP level 9. HP: 21/40 MP: 9/20
 10636 | D:6      | Reached skill level 5 in Fighting
 10998 | Temple   | Entered the Ecumenical Temple
 11157 | Temple   | Became a worshipper of Vehumet
 12044 | D:7      | Found a blossoming altar of Fedhas.
 12045 | D:7      | Found a snail-covered altar of Cheibriados.
 12046 | D:7      | Found a white marble altar of Elyvilon.
 12047 | D:7      | Found a broken altar of Ashenzari.
 12099 | D:7      | Found Igietoy's Jewellery Shoppe.
 12431 | D:8      | Found a shadowy altar of Dithmenos.
 12433 | D:8      | You fall into a shaft and drop 3 floors!
 12508 | D:11     | Noticed a death yak
 12509 | D:11     | Found a staircase to the Lair.
 12632 | D:11     | Slain by a vampire mosquito
 12633 | D:11     | Reached XP level 8. HP: 0/37 MP: 0/20
 12669 | D:10     | Entered Level 10 of the Dungeon
 12669 | D:10     | Noticed Gastronok
 12684 | D:10     | Noticed a troll
 12699 | D:10     | Killed a troll
 12990 | D:10     | Killed Gastronok
 12991 | D:10     | Reached XP level 9. HP: 23/41 MP: 1/22
 13682 | D:9      | Noticed a two-headed ogre
 13868 | D:9      | Noticed a two-headed ogre
 13873 | D:9      | Killed a two-headed ogre
 14037 | D:11     | Noticed a cyclops
 14107 | D:9      | Reached XP level 10. HP: 46/46 MP: 14/23
 14737 | D:8      | Reached * piety under Vehumet
 14737 | D:8      | Offered knowledge of Sandblast by Vehumet.
 15202 | D:7      | Slain by a yak
 15203 | D:7      | Reached XP level 9. HP: 0/42 MP: 23/23
 15232 | D:7      | Found a staircase to the Ecumenical Temple.
 15310 | D:7      | Reached skill level 5 in Conjurations
 15497 | D:7      | Found Igietoy's Jewellery Shoppe.
 15651 | D:7      | Found a burning altar of Makhleb.
 15707 | D:7      | Found a blossoming altar of Fedhas.
 15708 | D:7      | Found a snail-covered altar of Cheibriados.
 15709 | D:7      | Found a white marble altar of Elyvilon.
 15710 | D:7      | Found a broken altar of Ashenzari.
 16446 | D:9      | Killed a two-headed ogre
 16527 | D:9      | Reached XP level 10. HP: 47/47 MP: 4/24
 17499 | D:10     | Found a staircase to the Orcish Mines.
 17707 | D:10     | Reached skill level 10 in Air Magic
 18347 | D:10     | Reached skill level 10 in Spellcasting
 18665 | D:11     | Noticed a death yak
 18745 | D:10     | Killed a death yak
 19473 | D:11     | Noticed a death yak
 19977 | D:11     | Killed a cyclops
 20107 | D:11     | Reached ** piety under Vehumet
 20114 | D:11     | Offered knowledge of Magic Dart by Vehumet.
 20533 | D:11     | Found a staircase to the Lair.
 20809 | D:11     | Killed a death yak
 20810 | D:11     | Reached XP level 11. HP: 41/51 MP: 9/26
 20923 | D:11     | Killed a death yak
 21538 | Lair:1   | Entered Level 1 of the Lair of Beasts
 21627 | D:7      | Bought a ring of poison resistance for 300 gold pieces
 21720 | Lair:1   | Noticed Grum
 22299 | D:11     | Found a staircase to the Lair.
 23292 | D:11     | HP: 2/51 [black mamba (17)]
 23292 | D:11     | Slain by a wolf
 23293 | D:11     | Reached XP level 10. HP: -2/48 MP: 25/25
 23293 | D:11     | Quit the game

Illustrated notes

Levels and vault maps discovered:
D:1:      heliophobic_arrival_battle_scene, layout_loops_ring, serial_forest,
          infiniplex_forest_straight_1, infiniplex_forest_lined_room_2,
          infiniplex_forest_straight_3, infiniplex_forest_end_3,
          infiniplex_forest_lined_3_way, infiniplex_forest_lined_corner,
          infiniplex_forest_lined_2, infiniplex_forest_lined_3,
          infiniplex_forest_straight_2, infiniplex_forest_lined_corner,
          shapermc_ecumenical_altar_starsandcircs,
          chequers_serial_rivers_small_b, solitary_fountain
D:2:      layout_basic, serial_shops, shop, nicolae_diamond_shop, shop,
          basic_altar, minmay_pentomino_z2
D:3:      layout_basic, xom_teletrap_fun, gammafunk_ghost_icy, hex_intersection,
          dk_vineyard_3, minmay_pentomino_pile, uniq_terence
D:4:      layout_loops_cross, mainiacjoe_overflow_alcove_4, st_stairs_7,
          minmay_mini_ossuary
D:5:      layout_loops_ring, mainiacjoe_overflow_tiny_flanked,
          jmf_multi_god_temple, dk_rats_in_the_wall
D:6:      layout_loops_ring, mainiacjoe_overflow_boulevard,
          ebering_ghost_sewer_f, nicolae_ossuary_entry_plus
D:7:      layout_rooms, mainiacjoe_overflow_alcove_3, makhleb_altar_promises_db,
          minmay_temple_entry_drinking_statues, serial_shops, kennysheep_mini,
          serial_park_tiny_1, grunt_decor_one_mirror
D:8:      layout_basic, nicolae_overflow_hidden_temple, hangedman_glass_teeth,
          solitary_fountain
D:9:      layout_cave_pools, minmay_crystal_room, grunt_decor_junction,
          amcnicky_mini_pool_medium
D:10:     layout_loops_ring, david_orc_1_choice, uniq_gastronok
D:11:     layout_loops_corners, dpeg_lair_monsters
Temple:   dpeg_chambers_temple
Lair:1:   gammafunk_cloud_chamber, layout_cave_shapes, uniq_grum

Skill      XL: |  1  2  3  4  5  6  7  8  9 10 11 |
---------------+----------------------------------+-----
Conjurations   | 1 2 3 4 5 6 |  6.3
Air Magic      | 3 4 5 8 9 10 | 10.8
Fighting       | 1 2 3 6 7 8 |  8.0
Spellcasting   | 3 4 5 8 7 10 | 10.7
Dodging        | |  2.6
Stealth        | |  2.6

Action                   |  1- 3 |  4- 6 |  7- 9 | 10-12 || total
-------------------------+-------+-------+-------+-------++-------
Melee: Unarmed           |    28 |     3 |     5 |       ||    36
       Bite              |     1 |       |       |       ||     1
 Cast: Shock             |    77 |   159 |   307 |    95 ||   638
       Airstrike         |       |       |    87 |   130 ||   217
Evoke: Wand              |       |       |    15 |     7 ||    22
  Use: Scroll            |       |       |    19 |     3 ||    22
       Potion            |       |       |     3 |     4 ||     7
Armor: Skin              |     1 |       |    10 |    12 ||    23
Dodge: Dodged            |    27 |    26 |   166 |   116 ||   335

Table legend: (Time is in decaauts)
 A = Elapsed time spent in this place.
 B = Non-inter-level travel time spent in this place.
 C = Inter-level travel time spent in this place.
 D = Time resting spent in this place.
 E = Time spent auto-exploring this place.
 F = Levels seen in this place.
 G = Mean time per level.
                   A        B        C        D        E       F      G
               +--------+--------+--------+--------+--------+-----+--------+
         Total |  21223 |  20528 |    695 |   2714 |  15344 |  14 | 1515.9 |
       Dungeon |  20532 |  19854 |    678 |   2714 |  14814 |  11 | 1866.5 |
        Temple |    213 |    197 |     16 |      0 |    184 |   1 |  213.0 |
          Lair |     18 |     17 |      1 |      0 |      0 |   1 |   18.0 |
       Ossuary |    459 |    459 |      0 |      0 |    345 |   1 |  459.0 |
               +--------+--------+--------+--------+--------+-----+--------+

Top non-repeatable levels by time:
    D:11: 3729 daAuts
    D:10: 3090 daAuts
     D:7: 2001 daAuts
     D:6: 1999 daAuts
     D:4: 1948 daAuts
     D:5: 1768 daAuts
     D:8: 1448 daAuts
     D:1: 1311 daAuts
     D:2: 1191 daAuts
     D:9: 1089 daAuts
     D:3: 953 daAuts
 Ossuary: 459 daAuts
  Temple: 213 daAuts
  Lair:1: 18 daAuts
